[ AOE2 MATCH · #484441973 ]
Team RMFranks vs Persians
[ REPLAY ANALYSIS · EXTRACTED FROM THE RECORDED GAME ]
Feudal
14:22
Castle
18:08
Imperial
—
| APM avg | 20.2 |
| APM peak | 57 |
| eAPM avg | 11.3 |
| Villagers / military | 83 / 73 |
Focus
⚔️ 31.4% · 🌾 68.6%
Knight ×41 · Spearman ×32
Feudal
14:55
Castle
—
Imperial
—
| APM avg | 23.7 |
| APM peak | 73 |
| eAPM avg | 11.5 |
| Villagers / military | 31 / 0 |
Focus
⚔️ 19.1% · 🌾 80.9%
Feudal
13:40
Castle
30:22
Imperial
—
| APM avg | 13.8 |
| APM peak | 53 |
| eAPM avg | 8.2 |
| Villagers / military | 74 / 7 |
Focus
⚔️ 14.4% · 🌾 85.6%
Scout Cavalry ×7
Feudal
13:09
Castle
17:08
Imperial
38:38
| APM avg | 25.5 |
| APM peak | 49 |
| eAPM avg | 13.2 |
| Villagers / military | 99 / 111 |
Focus
⚔️ 35.7% · 🌾 64.3%
Camel Scout ×109 · Shrivamsha Rider ×2
Feudal
14:32
Castle
20:39
Imperial
—
| APM avg | 28.3 |
| APM peak | 92 |
| eAPM avg | 12.2 |
| Villagers / military | 73 / 10 |
Focus
⚔️ 17.7% · 🌾 82.3%
Monk ×5 · Armored Elephant ×3 · Ghulam ×2
Feudal
15:31
Castle
23:13
Imperial
—
| APM avg | 20.1 |
| APM peak | 70 |
| eAPM avg | 9.0 |
| Villagers / military | 64 / 4 |
Focus
⚔️ 21.1% · 🌾 78.9%
Mangonel ×4
Feudal
14:41
Castle
19:10
Imperial
—
| APM avg | 36.3 |
| APM peak | 78 |
| eAPM avg | 14.3 |
| Villagers / military | 105 / 120 |
Focus
⚔️ 20.5% · 🌾 79.5%
Cavalry Archer ×112 · Battering Ram ×6 · Mangonel ×2
Feudal
—
Castle
—
Imperial
—
| APM avg | 25.3 |
| APM peak | 66 |
| eAPM avg | 15.2 |
| Villagers / military | 154 / 73 |
Focus
⚔️ 20.7% · 🌾 79.3%
Knight ×70 · Trebuchet (Packed) ×2 · Monk ×1
Match map
Initial resources + every placement click. Lines = walls · curves = elevation contours. ◆ gold · ⬟ stone · ● berries · ✦ relic · ◌ wall gap
Your base· Open — unwalled flank
Sebas333331's base· Open — unwalled flank
PorT_Lithium's base· Open — unwalled flank
Princess Donut's base· Open — 7t gap
PorT_Lobo's base· Open — unwalled flank
MASACRE's base· Open — unwalled flank
PorT_steves's base· Open — unwalled flank
DuckySkydiver69's base· Open — unwalled flank
Smoothed initial terrain · ◌ = detected wall gap · hover for details
Inputs per minute
— PorT_Oligarva - - Sebas333331
Build order — PorT_Oligarva
First 150 of 240 actions detected
| 0:09 | Build | Town Center |
| 2:44 | Build | House |
| 3:08 | Create | Villager (Male) |
| 3:09 | Create | Villager (Male) |
| 3:09 | Create | Villager (Male) |
| 3:10 | Create | Villager (Male) |
| 3:24 | Build | House |
| 4:50 | Research | Loom |
| 5:14 | Create | Villager (Male) |
| 5:17 | Create | Villager (Male) |
| 5:57 | Create | Villager (Male) |
| 5:59 | Create | Villager (Male) |
| 6:42 | Create | Villager (Male) |
| 7:45 | Create | Villager (Male) |
| 8:11 | Create | Villager (Male) |
| 8:30 | Build | Lumber Camp |
| 8:32 | Create | Villager (Male) |
| 8:54 | Build | House |
| 9:02 | Create | Villager (Male) |
| 9:23 | Build | House |
| 9:31 | Create | Villager (Male) |
| 9:32 | Create | Villager (Male) |
| 9:33 | Create | Villager (Male) |
| 10:09 | Create | Villager (Male) |
| 10:35 | Create | Villager (Male) |
| 11:00 | Build | Mill |
| 11:24 | Research | Feudal Age |
| 11:29 | Create | Villager (Male) |
| 11:29 | Research | Feudal Age |
| 12:48 | Create | Villager (Male) |
| 14:10 | Build | House |
| 14:22 | Age | Feudal Age |
| 14:29 | Build | Market |
| 14:33 | Build | Blacksmith |
| 14:45 | Create | Villager (Male) |
| 15:28 | Research | Castle Age |
| 15:36 | Build | Farm |
| 15:39 | Build | Farm |
| 15:58 | Research | Double-Bit Axe |
| 16:07 | Build | Farm |
| 16:11 | Create | Villager (Male) |
| 16:19 | Build | Farm |
| 17:10 | Build | Barracks |
| 17:13 | Build | House |
| 18:08 | Age | Castle Age |
| 18:16 | Build | Stable |
| 18:29 | Create | Villager (Male) |
| 18:50 | Create | Villager (Male) |
| 18:50 | Create | Villager (Male) |
| 18:59 | Build | Stable |
| 19:15 | Create | Knight |
| 19:27 | Create | Villager (Male) |
| 19:32 | Create | Villager (Male) |
| 19:42 | Build | House |
| 19:53 | Create | Knight |
| 20:04 | Create | Knight |
| 20:21 | Build | Mining Camp |
| 20:31 | Build | Farm |
| 20:41 | Build | Mill |
| 20:47 | Create | Villager (Male) |
| 21:01 | Create | Knight |
| 21:01 | Create | Knight |
| 21:07 | Create | Villager (Male) |
| 21:15 | Build | Mill |
| 21:19 | Create | Villager (Male) |
| 21:35 | Research | Forging |
| 21:43 | Build | House |
| 21:45 | Build | House |
| 21:59 | Create | Knight |
| 22:18 | Create | Knight |
| 22:39 | Create | Villager (Male) |
| 22:39 | Create | Villager (Male) |
| 23:06 | Research | Scale Barding Armor |
| 24:15 | Create | Villager (Male) |
| 24:16 | Create | Villager (Male) |
| 24:18 | Build | Farm |
| 24:20 | Build | Farm |
| 25:03 | Create | Villager (Male) |
| 25:03 | Create | Villager (Male) |
| 25:10 | Build | Town Center |
| 25:37 | Create | Villager (Male) |
| 25:40 | Build | Farm |
| 25:41 | Build | Farm |
| 25:44 | Create | Knight |
| 25:44 | Create | Knight |
| 26:01 | Create | Villager (Male) |
| 26:05 | Build | Farm |
| 26:29 | Create | Villager (Male) |
| 26:33 | Create | Knight |
| 26:33 | Create | Knight |
| 26:38 | Build | Farm |
| 26:42 | Build | Farm |
| 26:48 | Create | Knight |
| 26:48 | Create | Knight |
| 26:53 | Build | Farm |
| 26:54 | Build | Farm |
| 26:57 | Create | Villager (Male) |
| 27:09 | Build | Town Center |
| 27:25 | Build | Farm |
| 27:26 | Build | Farm |
| 27:32 | Create | Knight |
| 27:32 | Create | Knight |
| 27:44 | Create | Villager (Male) |
| 27:45 | Create | Villager (Male) |
| 27:59 | Create | Knight |
| 27:59 | Create | Knight |
| 28:20 | Research | Chain Barding Armor |
| 28:39 | Create | Villager (Male) |
| 28:40 | Create | Villager (Male) |
| 29:11 | Create | Knight |
| 29:11 | Create | Knight |
| 29:30 | Create | Knight |
| 29:30 | Create | Knight |
| 29:43 | Build | House |
| 29:44 | Build | House |
| 29:45 | Build | House |
| 29:53 | Research | Iron Casting |
| 30:18 | Create | Knight |
| 30:19 | Create | Knight |
| 30:53 | Create | Knight |
| 30:53 | Create | Knight |
| 31:14 | Create | Knight |
| 31:17 | Create | Villager (Male) |
| 31:18 | Create | Villager (Male) |
| 31:18 | Create | Villager (Male) |
| 31:19 | Create | Villager (Male) |
| 31:19 | Create | Villager (Male) |
| 31:19 | Create | Villager (Male) |
| 31:39 | Create | Knight |
| 31:44 | Research | Fletching |
| 32:50 | Create | Villager (Male) |
| 32:51 | Create | Villager (Male) |
| 32:51 | Create | Villager (Male) |
| 33:11 | Create | Villager (Male) |
| 33:11 | Create | Villager (Male) |
| 33:31 | Create | Knight |
| 33:31 | Create | Knight |
| 33:31 | Create | Knight |
| 34:13 | Create | Knight |
| 34:32 | Create | Villager (Male) |
| 34:32 | Create | Villager (Male) |
| 34:32 | Create | Villager (Male) |
| 34:43 | Build | Farm |
| 34:46 | Build | Farm |
| 34:47 | Build | Farm |
| 34:48 | Build | Farm |
| 34:50 | Build | Farm |
| 34:53 | Create | Villager (Male) |
| 34:55 | Create | Villager (Male) |
| 35:11 | Create | Knight |
Build order — Sebas333331
89 actions detected in the replay
| 1:27 | Build | Town Center |
| 3:43 | Research | Loom |
| 3:43 | Create | Villager (Male) |
| 3:48 | Build | House |
| 4:01 | Create | Villager (Male) |
| 4:02 | Create | Villager (Male) |
| 4:40 | Build | House |
| 4:52 | Create | Villager (Male) |
| 4:52 | Create | Villager (Male) |
| 5:06 | Create | Villager (Male) |
| 5:06 | Create | Villager (Male) |
| 5:39 | Build | House |
| 6:13 | Build | House |
| 6:53 | Create | Villager (Male) |
| 6:53 | Create | Villager (Male) |
| 6:57 | Create | Villager (Male) |
| 7:09 | Create | Villager (Male) |
| 7:39 | Create | Villager (Male) |
| 8:21 | Create | Villager (Male) |
| 8:27 | Build | Mill |
| 9:16 | Create | Villager (Male) |
| 10:21 | Create | Villager (Male) |
| 10:24 | Create | Villager (Male) |
| 11:02 | Build | House |
| 11:05 | Create | Villager (Male) |
| 11:15 | Create | Villager (Male) |
| 12:36 | Build | Lumber Camp |
| 12:51 | Research | Feudal Age |
| 12:57 | Build | Mill |
| 14:24 | Create | Villager (Male) |
| 14:55 | Age | Feudal Age |
| 14:56 | Create | Villager (Male) |
| 15:02 | Build | Watch Tower |
| 15:23 | Build | Stone Wall |
| 15:24 | Build | Stone Wall |
| 15:25 | Build | Stone Wall |
| 15:49 | Build | Watch Tower |
| 16:01 | Create | Villager (Male) |
| 16:01 | Create | Villager (Male) |
| 16:01 | Create | Villager (Male) |
| 16:16 | Build | Palisade Wall |
| 16:17 | Build | Palisade Wall |
| 16:18 | Build | Palisade Wall |
| 16:29 | Build | House |
| 16:36 | Build | Palisade Wall |
| 16:38 | Build | Palisade Wall |
| 18:00 | Create | Villager (Male) |
| 18:00 | Create | Villager (Male) |
| 18:09 | Create | Villager (Male) |
| 18:31 | Build | Watch Tower |
| 19:05 | Build | Farm |
| 19:05 | Build | Farm |
| 19:06 | Build | Farm |
| 19:07 | Build | Farm |
| 19:07 | Build | Farm |
| 19:08 | Build | Farm |
| 19:09 | Build | Farm |
| 19:09 | Build | Farm |
| 19:22 | Build | Watch Tower |
| 19:25 | Build | Palisade Wall |
| 19:27 | Build | Palisade Wall |
| 19:33 | Build | Blacksmith |
| 19:42 | Build | Palisade Wall |
| 20:10 | Create | Villager (Male) |
| 20:18 | Build | Farm |
| 20:51 | Build | Watch Tower |
| 20:57 | Create | Villager (Male) |
| 21:04 | Build | Stone Wall |
| 21:13 | Create | Villager (Male) |
| 21:28 | Build | Stone Wall |
| 21:29 | Build | Stone Wall |
| 21:30 | Build | Stone Wall |
| 21:31 | Build | Stone Wall |
| 21:59 | Build | Watch Tower |
| 22:02 | Create | Villager (Male) |
| 22:09 | Build | Mining Camp |
| 22:15 | Build | Lumber Camp |
| 22:26 | Build | Stone Wall |
| 22:28 | Build | Stone Wall |
| 22:29 | Build | Stone Wall |
| 22:30 | Build | Stone Wall |
| 22:43 | Create | Villager (Male) |
| 24:52 | Build | Stone Wall |
| 24:54 | Build | Stone Wall |
| 24:54 | Build | Stone Wall |
| 24:56 | Build | Stone Wall |
| 26:56 | Build | Farm |
| 27:16 | Build | Farm |
| 27:30 | Build | Town Center |
Build order — PorT_Lithium
First 150 of 161 actions detected
| 0:06 | Build | Town Center |
| 2:42 | Create | Villager (Male) |
| 2:42 | Create | Villager (Male) |
| 2:43 | Create | Villager (Male) |
| 2:43 | Create | Villager (Male) |
| 2:49 | Build | House |
| 2:50 | Build | House |
| 3:32 | Build | House |
| 3:55 | Create | Villager (Male) |
| 3:55 | Create | Villager (Male) |
| 4:32 | Create | Villager (Male) |
| 5:07 | Create | Villager (Male) |
| 5:39 | Research | Loom |
| 5:44 | Create | Villager (Male) |
| 5:44 | Create | Villager (Male) |
| 5:44 | Create | Villager (Male) |
| 5:48 | Build | Lumber Camp |
| 5:57 | Create | Villager (Male) |
| 5:58 | Create | Villager (Male) |
| 6:17 | Create | Villager (Male) |
| 6:31 | Create | Villager (Male) |
| 6:31 | Create | Villager (Male) |
| 6:52 | Create | Villager (Male) |
| 6:52 | Create | Villager (Male) |
| 7:19 | Create | Villager (Male) |
| 7:19 | Create | Villager (Male) |
| 7:22 | Create | Villager (Male) |
| 7:57 | Create | Villager (Male) |
| 8:06 | Create | Villager (Male) |
| 8:25 | Build | Mill |
| 8:26 | Create | Villager (Male) |
| 8:37 | Create | Villager (Male) |
| 8:48 | Build | House |
| 8:49 | Build | House |
| 9:43 | Build | Mill |
| 10:47 | Create | Villager (Male) |
| 11:20 | Build | Mill |
| 11:29 | Research | Feudal Age |
| 13:40 | Age | Feudal Age |
| 13:48 | Create | Villager (Male) |
| 13:49 | Create | Villager (Male) |
| 13:53 | Build | Stable |
| 13:59 | Create | Villager (Male) |
| 14:08 | Build | Blacksmith |
| 14:20 | Create | Villager (Male) |
| 14:27 | Research | Double-Bit Axe |
| 14:28 | Research | Horse Collar |
| 14:50 | Create | Scout Cavalry |
| 14:54 | Build | House |
| 14:55 | Build | House |
| 14:57 | Research | Scale Barding Armor |
| 14:58 | Create | Villager (Male) |
| 15:18 | Create | Scout Cavalry |
| 15:48 | Create | Scout Cavalry |
| 15:49 | Create | Scout Cavalry |
| 15:51 | Create | Villager (Male) |
| 16:02 | Create | Villager (Male) |
| 16:02 | Create | Villager (Male) |
| 16:08 | Research | Forging |
| 16:10 | Create | Villager (Male) |
| 16:22 | Create | Villager (Male) |
| 16:47 | Create | Scout Cavalry |
| 16:56 | Build | Farm |
| 16:56 | Build | Farm |
| 16:57 | Build | Farm |
| 16:58 | Build | Farm |
| 17:02 | Build | Farm |
| 17:03 | Build | Farm |
| 17:05 | Build | Farm |
| 17:09 | Create | Villager (Male) |
| 17:44 | Create | Villager (Male) |
| 17:45 | Create | Villager (Male) |
| 17:45 | Create | Villager (Male) |
| 18:53 | Create | Villager (Male) |
| 18:53 | Create | Villager (Male) |
| 19:32 | Create | Villager (Male) |
| 19:40 | Build | Mining Camp |
| 19:42 | Create | Villager (Male) |
| 19:47 | Build | Mill |
| 19:48 | Build | Farm |
| 19:48 | Build | Farm |
| 19:49 | Build | Farm |
| 19:49 | Build | Farm |
| 19:49 | Build | Farm |
| 19:49 | Build | Farm |
| 19:51 | Create | Villager (Male) |
| 19:58 | Build | Mining Camp |
| 20:03 | Create | Villager (Male) |
| 20:19 | Build | Farm |
| 20:25 | Create | Scout Cavalry |
| 20:26 | Create | Scout Cavalry |
| 21:19 | Build | House |
| 21:20 | Build | House |
| 25:09 | Build | Farm |
| 25:35 | Build | Farm |
| 25:38 | Build | Farm |
| 26:58 | Build | Market |
| 27:42 | Research | Castle Age |
| 30:22 | Age | Castle Age |
| 31:44 | Create | Villager (Male) |
| 32:46 | Build | Town Center |
| 33:11 | Build | Town Center |
| 33:27 | Build | Farm |
| 33:28 | Build | Farm |
| 33:29 | Build | Farm |
| 34:01 | Build | Farm |
| 34:02 | Build | Farm |
| 34:05 | Build | Farm |
| 34:11 | Create | Villager (Male) |
| 34:15 | Create | Villager (Male) |
| 34:19 | Build | Farm |
| 34:20 | Build | Farm |
| 34:21 | Build | Farm |
| 34:21 | Build | Farm |
| 34:22 | Build | Farm |
| 34:27 | Build | Farm |
| 34:28 | Build | Farm |
| 34:33 | Create | Villager (Male) |
| 34:40 | Build | Farm |
| 34:47 | Build | Farm |
| 34:55 | Create | Villager (Male) |
| 34:55 | Create | Villager (Male) |
| 35:01 | Create | Villager (Male) |
| 35:02 | Create | Villager (Male) |
| 35:06 | Create | Villager (Male) |
| 35:11 | Create | Villager (Male) |
| 35:23 | Create | Villager (Male) |
| 35:24 | Create | Villager (Male) |
| 35:24 | Create | Villager (Male) |
| 35:34 | Build | Farm |
| 35:35 | Create | Villager (Male) |
| 35:35 | Create | Villager (Male) |
| 35:46 | Create | Villager (Male) |
| 35:47 | Create | Villager (Male) |
| 36:10 | Create | Villager (Male) |
| 36:10 | Create | Villager (Male) |
| 36:15 | Build | Farm |
| 36:16 | Create | Villager (Male) |
| 36:19 | Build | Farm |
| 36:20 | Create | Villager (Male) |
| 36:20 | Create | Villager (Male) |
| 36:25 | Build | Farm |
| 36:26 | Build | Farm |
| 36:27 | Create | Villager (Male) |
| 36:27 | Create | Villager (Male) |
| 36:33 | Build | Farm |
| 36:34 | Build | Farm |
| 36:35 | Build | Farm |
| 36:36 | Build | Farm |
| 36:48 | Build | Farm |
Build order — Princess Donut
First 150 of 348 actions detected
| 0:44 | Build | Town Center |
| 1:47 | Build | House |
| 2:59 | Create | Villager (Male) |
| 2:59 | Create | Villager (Male) |
| 3:00 | Create | Villager (Male) |
| 3:00 | Create | Villager (Male) |
| 3:51 | Build | Lumber Camp |
| 4:32 | Create | Villager (Male) |
| 4:54 | Create | Villager (Male) |
| 5:03 | Build | House |
| 5:21 | Create | Villager (Male) |
| 5:38 | Create | Villager (Male) |
| 6:02 | Create | Villager (Male) |
| 6:11 | Build | Mill |
| 6:27 | Create | Villager (Male) |
| 7:04 | Create | Villager (Male) |
| 7:04 | Create | Villager (Male) |
| 7:17 | Build | House |
| 7:38 | Build | House |
| 7:42 | Create | Villager (Male) |
| 7:43 | Create | Villager (Male) |
| 7:53 | Create | Villager (Male) |
| 8:38 | Build | Palisade Wall |
| 8:39 | Build | Palisade Wall |
| 8:40 | Build | Palisade Wall |
| 8:40 | Build | Palisade Wall |
| 8:41 | Build | Palisade Wall |
| 8:41 | Build | Palisade Wall |
| 8:42 | Build | Palisade Wall |
| 8:42 | Build | Palisade Wall |
| 8:43 | Build | Palisade Wall |
| 8:43 | Build | Palisade Wall |
| 8:44 | Build | Palisade Wall |
| 8:49 | Create | Villager (Male) |
| 9:39 | Create | Villager (Male) |
| 9:40 | Create | Villager (Male) |
| 10:11 | Build | Palisade Wall |
| 10:11 | Build | Palisade Wall |
| 10:12 | Build | Palisade Wall |
| 10:17 | Build | Palisade Wall |
| 10:27 | Build | House |
| 10:32 | Build | House |
| 10:34 | Create | Villager (Male) |
| 10:42 | Build | Mining Camp |
| 10:50 | Build | Mining Camp |
| 10:58 | Research | Feudal Age |
| 12:06 | Create | Villager (Male) |
| 12:06 | Create | Villager (Male) |
| 13:09 | Age | Feudal Age |
| 13:23 | Build | Market |
| 13:27 | Build | Blacksmith |
| 13:31 | Build | Palisade Wall |
| 13:37 | Build | House |
| 13:41 | Build | Stone Wall |
| 13:43 | Build | Stone Wall |
| 13:49 | Create | Villager (Male) |
| 13:56 | Build | House |
| 14:04 | Build | Stone Wall |
| 14:04 | Build | Stone Wall |
| 14:05 | Build | Stone Wall |
| 14:06 | Build | Stone Wall |
| 14:06 | Build | Stone Wall |
| 14:07 | Build | Stone Wall |
| 14:07 | Build | Stone Wall |
| 14:08 | Build | Stone Wall |
| 14:08 | Build | Stone Wall |
| 14:28 | Research | Castle Age |
| 14:52 | Build | Stone Wall |
| 15:24 | Build | Barracks |
| 15:40 | Research | Double-Bit Axe |
| 15:41 | Research | Horse Collar |
| 15:55 | Build | Stone Wall |
| 15:58 | Build | Gate |
| 16:02 | Build | House |
| 16:09 | Build | Gate |
| 16:14 | Build | Stone Wall |
| 16:15 | Build | Stone Wall |
| 16:15 | Build | Stone Wall |
| 16:16 | Build | Stone Wall |
| 16:50 | Build | House |
| 17:08 | Build | Stone Wall |
| 17:08 | Age | Castle Age |
| 17:08 | Build | Stone Wall |
| 17:13 | Create | Villager (Male) |
| 17:14 | Create | Villager (Male) |
| 17:20 | Research | Bow Saw |
| 17:20 | Research | Heavy Plow |
| 17:39 | Create | Villager (Male) |
| 18:20 | Build | Stable |
| 18:35 | Build | Stone Wall |
| 19:02 | Create | Villager (Male) |
| 19:02 | Create | Villager (Male) |
| 19:02 | Create | Villager (Male) |
| 19:05 | Research | Loom |
| 19:06 | Create | Villager (Male) |
| 19:07 | Create | Villager (Male) |
| 19:13 | Build | Lumber Camp |
| 19:42 | Build | Town Center |
| 19:53 | Create | Villager (Male) |
| 19:54 | Create | Villager (Male) |
| 19:57 | Create | Camel Scout |
| 19:57 | Create | Camel Scout |
| 20:18 | Create | Villager (Male) |
| 20:29 | Build | Mining Camp |
| 20:37 | Create | Camel Scout |
| 20:37 | Create | Camel Scout |
| 21:16 | Research | Gold Mining |
| 21:18 | Create | Villager (Male) |
| 21:39 | Create | Villager (Male) |
| 21:39 | Create | Villager (Male) |
| 21:41 | Create | Camel Scout |
| 21:41 | Create | Camel Scout |
| 21:54 | Build | Town Center |
| 22:03 | Build | Farm |
| 22:13 | Build | Farm |
| 22:17 | Build | Farm |
| 22:18 | Build | Farm |
| 22:20 | Build | Farm |
| 22:43 | Create | Villager (Male) |
| 22:55 | Build | Lumber Camp |
| 22:58 | Build | Farm |
| 23:13 | Create | Villager (Male) |
| 24:03 | Research | Wheelbarrow |
| 24:04 | Create | Villager (Male) |
| 24:13 | Build | Farm |
| 24:17 | Build | Farm |
| 24:17 | Build | Farm |
| 25:01 | Create | Villager (Male) |
| 25:02 | Create | Villager (Male) |
| 25:02 | Create | Villager (Male) |
| 25:05 | Build | Farm |
| 25:06 | Build | Farm |
| 25:08 | Build | Farm |
| 25:08 | Build | Farm |
| 25:09 | Create | Villager (Male) |
| 25:34 | Create | Villager (Male) |
| 25:35 | Create | Villager (Male) |
| 25:35 | Create | Villager (Male) |
| 25:35 | Create | Villager (Male) |
| 25:50 | Research | Bloodlines |
| 25:52 | Research | Husbandry |
| 25:53 | Create | Villager (Male) |
| 25:55 | Build | Farm |
| 25:57 | Create | Villager (Male) |
| 26:12 | Build | Farm |
| 26:14 | Build | Farm |
| 26:15 | Build | Farm |
| 26:17 | Create | Villager (Male) |
| 26:21 | Build | Town Center |
| 27:02 | Create | Villager (Male) |
Build order — PorT_Lobo
145 actions detected in the replay
| 0:47 | Build | Town Center |
| 2:45 | Build | House |
| 2:50 | Create | Villager (Male) |
| 2:50 | Create | Villager (Male) |
| 2:51 | Create | Villager (Male) |
| 2:51 | Create | Villager (Male) |
| 2:51 | Create | Villager (Male) |
| 3:32 | Research | Loom |
| 3:32 | Create | Villager (Male) |
| 3:33 | Create | Villager (Male) |
| 3:42 | Create | Villager (Male) |
| 3:42 | Create | Villager (Male) |
| 4:14 | Create | Villager (Male) |
| 4:57 | Build | House |
| 5:05 | Build | Lumber Camp |
| 5:11 | Create | Villager (Male) |
| 5:11 | Create | Villager (Male) |
| 5:11 | Create | Villager (Male) |
| 6:25 | Create | Villager (Male) |
| 6:26 | Create | Villager (Male) |
| 6:26 | Create | Villager (Male) |
| 6:57 | Build | Mill |
| 7:09 | Create | Villager (Male) |
| 7:10 | Create | Villager (Male) |
| 7:26 | Create | Villager (Male) |
| 7:26 | Create | Villager (Male) |
| 7:30 | Build | House |
| 8:02 | Build | Outpost |
| 8:07 | Create | Villager (Male) |
| 8:07 | Create | Villager (Male) |
| 8:30 | Create | Villager (Male) |
| 8:30 | Create | Villager (Male) |
| 9:07 | Build | Palisade Wall |
| 9:08 | Create | Villager (Male) |
| 9:08 | Create | Villager (Male) |
| 9:25 | Create | Villager (Male) |
| 9:40 | Build | House |
| 9:45 | Create | Villager (Male) |
| 9:46 | Create | Villager (Male) |
| 10:14 | Create | Villager (Male) |
| 10:21 | Create | Villager (Male) |
| 10:47 | Build | Palisade Wall |
| 10:48 | Create | Villager (Male) |
| 10:48 | Create | Villager (Male) |
| 11:03 | Build | Palisade Wall |
| 11:29 | Build | Palisade Wall |
| 12:22 | Research | Feudal Age |
| 12:57 | Build | Mining Camp |
| 14:32 | Age | Feudal Age |
| 14:34 | Research | Town Watch |
| 14:36 | Research | Double-Bit Axe |
| 14:54 | Create | Villager (Male) |
| 14:55 | Create | Villager (Male) |
| 15:33 | Build | Stone Wall |
| 16:08 | Build | Market |
| 16:31 | Build | Stone Wall |
| 17:14 | Build | Blacksmith |
| 17:16 | Create | Villager (Male) |
| 17:20 | Build | House |
| 17:50 | Research | Castle Age |
| 18:53 | Research | Stone Mining |
| 19:13 | Build | Mining Camp |
| 20:39 | Age | Castle Age |
| 21:07 | Build | Castle |
| 21:10 | Create | Villager (Male) |
| 21:10 | Create | Villager (Male) |
| 21:14 | Build | House |
| 22:16 | Build | Lumber Camp |
| 23:11 | Build | House |
| 23:12 | Build | House |
| 23:42 | Build | Siege Workshop |
| 23:50 | Build | Farm |
| 23:54 | Build | Farm |
| 24:32 | Build | Farm |
| 24:33 | Build | Farm |
| 24:36 | Build | Farm |
| 24:39 | Build | Farm |
| 24:42 | Build | Farm |
| 24:57 | Create | Villager (Male) |
| 25:33 | Create | Armored Elephant |
| 25:44 | Create | Villager (Male) |
| 26:22 | Create | Villager (Male) |
| 26:22 | Create | Villager (Male) |
| 26:32 | Create | Villager (Male) |
| 26:48 | Create | Villager (Male) |
| 26:53 | Create | Villager (Male) |
| 26:57 | Build | Farm |
| 27:02 | Build | Farm |
| 27:29 | Create | Villager (Male) |
| 27:43 | Create | Ghulam |
| 28:02 | Create | Ghulam |
| 28:41 | Create | Armored Elephant |
| 28:43 | Create | Villager (Male) |
| 28:43 | Create | Villager (Male) |
| 28:56 | Build | Lumber Camp |
| 29:33 | Create | Armored Elephant |
| 29:40 | Create | Villager (Male) |
| 29:40 | Create | Villager (Male) |
| 29:49 | Build | Farm |
| 30:10 | Build | Monastery |
| 30:43 | Build | Farm |
| 30:57 | Create | Villager (Male) |
| 30:58 | Create | Villager (Male) |
| 31:03 | Create | Villager (Male) |
| 31:04 | Create | Villager (Male) |
| 31:19 | Build | Town Center |
| 31:37 | Create | Villager (Male) |
| 31:37 | Create | Villager (Male) |
| 32:07 | Build | Town Center |
| 32:21 | Build | Stone Wall |
| 32:28 | Create | Villager (Male) |
| 32:28 | Create | Villager (Male) |
| 32:42 | Create | Monk |
| 32:49 | Build | Mining Camp |
| 33:12 | Create | Villager (Male) |
| 33:28 | Build | Farm |
| 33:54 | Create | Monk |
| 33:55 | Create | Monk |
| 34:43 | Build | Town Center |
| 34:52 | Create | Villager (Male) |
| 34:53 | Create | Villager (Male) |
| 34:55 | Create | Villager (Male) |
| 35:08 | Create | Villager (Male) |
| 35:09 | Create | Villager (Male) |
| 35:17 | Create | Villager (Male) |
| 35:17 | Create | Villager (Male) |
| 35:17 | Create | Villager (Male) |
| 35:17 | Create | Villager (Male) |
| 35:25 | Build | Farm |
| 35:41 | Create | Villager (Male) |
| 36:26 | Create | Monk |
| 36:27 | Create | Monk |
| 36:34 | Research | Wheelbarrow |
| 36:44 | Create | Villager (Male) |
| 36:44 | Create | Villager (Male) |
| 38:38 | Build | Town Center |
| 39:31 | Build | Town Center |
| 41:22 | Build | Town Center |
| 41:23 | Create | Villager (Male) |
| 41:23 | Create | Villager (Male) |
| 41:31 | Build | House |
| 41:35 | Research | Wheelbarrow |
| 42:42 | Build | House |
| 43:17 | Build | House |
| 43:45 | Build | Town Center |
Build order — MASACRE
148 actions detected in the replay
| 1:39 | Build | Town Center |
| 2:19 | Build | House |
| 2:21 | Build | House |
| 2:22 | Build | House |
| 3:42 | Create | Villager (Male) |
| 3:54 | Create | Villager (Male) |
| 3:54 | Create | Villager (Male) |
| 4:04 | Create | Villager (Male) |
| 5:25 | Create | Villager (Male) |
| 5:25 | Create | Villager (Male) |
| 5:26 | Create | Villager (Male) |
| 5:58 | Create | Villager (Male) |
| 5:58 | Create | Villager (Male) |
| 6:11 | Create | Villager (Male) |
| 6:46 | Research | Loom |
| 7:01 | Create | Villager (Male) |
| 7:18 | Create | Villager (Male) |
| 7:31 | Build | House |
| 8:01 | Create | Villager (Male) |
| 8:11 | Build | House |
| 8:36 | Create | Villager (Male) |
| 8:42 | Build | Palisade Wall |
| 8:44 | Build | Palisade Wall |
| 8:48 | Create | Villager (Male) |
| 8:51 | Build | Mill |
| 9:19 | Create | Villager (Male) |
| 9:19 | Create | Villager (Male) |
| 9:19 | Create | Villager (Male) |
| 9:20 | Create | Villager (Male) |
| 10:12 | Build | Palisade Wall |
| 10:19 | Create | Villager (Male) |
| 10:33 | Create | Villager (Male) |
| 10:34 | Create | Villager (Male) |
| 11:01 | Build | Farm |
| 11:01 | Build | Farm |
| 11:21 | Build | Palisade Wall |
| 11:27 | Build | Palisade Wall |
| 11:29 | Create | Villager (Male) |
| 11:44 | Build | Farm |
| 12:01 | Build | Farm |
| 12:03 | Create | Villager (Male) |
| 12:36 | Build | Lumber Camp |
| 12:48 | Build | Farm |
| 13:19 | Research | Feudal Age |
| 13:27 | Build | Farm |
| 13:29 | Build | Farm |
| 13:36 | Build | Farm |
| 13:49 | Build | Farm |
| 13:59 | Build | Palisade Wall |
| 14:04 | Build | Palisade Wall |
| 14:06 | Create | Villager (Male) |
| 14:09 | Create | Villager (Male) |
| 14:16 | Build | Farm |
| 14:23 | Build | Farm |
| 14:34 | Build | House |
| 14:44 | Build | Farm |
| 14:58 | Build | Mining Camp |
| 15:30 | Build | House |
| 15:31 | Age | Feudal Age |
| 15:31 | Build | Palisade Wall |
| 15:37 | Create | Villager (Male) |
| 15:37 | Create | Villager (Male) |
| 15:50 | Build | Palisade Wall |
| 16:21 | Build | Farm |
| 16:32 | Research | Double-Bit Axe |
| 16:35 | Research | Horse Collar |
| 16:39 | Research | Gold Mining |
| 16:40 | Create | Villager (Male) |
| 16:41 | Create | Villager (Male) |
| 16:46 | Build | Farm |
| 16:49 | Build | Farm |
| 16:52 | Create | Villager (Male) |
| 17:13 | Build | Palisade Wall |
| 17:28 | Create | Villager (Male) |
| 17:39 | Create | Villager (Male) |
| 17:55 | Build | Mill |
| 17:56 | Build | Farm |
| 17:56 | Build | Farm |
| 17:56 | Build | Farm |
| 17:57 | Build | Farm |
| 17:57 | Build | Farm |
| 17:57 | Build | Farm |
| 18:01 | Build | Farm |
| 18:04 | Build | Farm |
| 18:31 | Build | Farm |
| 18:34 | Build | Farm |
| 19:11 | Create | Villager (Male) |
| 19:20 | Build | Market |
| 19:51 | Build | Blacksmith |
| 19:51 | Create | Villager (Male) |
| 20:33 | Research | Castle Age |
| 20:45 | Build | Mining Camp |
| 20:49 | Create | Villager (Male) |
| 21:18 | Research | Wheelbarrow |
| 22:08 | Research | Stone Mining |
| 22:11 | Research | Scale Barding Armor |
| 22:11 | Research | Forging |
| 23:13 | Age | Castle Age |
| 23:27 | Build | Town Center |
| 23:42 | Build | Town Center |
| 23:43 | Create | Villager (Male) |
| 23:44 | Create | Villager (Male) |
| 23:47 | Research | Chain Barding Armor |
| 23:49 | Research | Iron Casting |
| 23:51 | Create | Villager (Male) |
| 24:26 | Research | Bow Saw |
| 25:00 | Build | Farm |
| 25:05 | Create | Villager (Male) |
| 25:05 | Create | Villager (Male) |
| 25:19 | Create | Villager (Male) |
| 25:43 | Build | Castle |
| 25:50 | Build | House |
| 25:54 | Build | House |
| 26:07 | Create | Villager (Male) |
| 26:11 | Research | Fletching |
| 26:19 | Create | Villager (Male) |
| 26:46 | Create | Villager (Male) |
| 26:47 | Create | Villager (Male) |
| 26:48 | Create | Villager (Male) |
| 26:48 | Create | Villager (Male) |
| 27:05 | Create | Villager (Male) |
| 27:41 | Build | Castle |
| 28:09 | Create | Villager (Male) |
| 28:09 | Create | Villager (Male) |
| 28:55 | Build | Siege Workshop |
| 29:09 | Build | Siege Workshop |
| 29:13 | Create | Mangonel |
| 29:13 | Create | Mangonel |
| 29:36 | Create | Mangonel |
| 29:37 | Create | Mangonel |
| 30:56 | Create | Villager (Male) |
| 32:18 | Build | Town Center |
| 36:28 | Build | Lumber Camp |
| 37:58 | Build | Market |
| 38:42 | Build | Town Center |
| 40:02 | Build | Town Center |
| 40:16 | Create | Villager (Male) |
| 40:16 | Create | Villager (Male) |
| 40:35 | Create | Villager (Male) |
| 40:36 | Create | Villager (Male) |
| 42:03 | Create | Villager (Male) |
| 42:31 | Create | Villager (Male) |
| 42:31 | Create | Villager (Male) |
| 42:32 | Create | Villager (Male) |
| 43:01 | Create | Villager (Male) |
| 43:14 | Create | Villager (Male) |
| 43:57 | Create | Villager (Male) |
| 43:58 | Create | Villager (Male) |
Build order — PorT_steves
First 150 of 214 actions detected
| 1:00 | Build | Town Center |
| 2:57 | Create | Villager (Male) |
| 2:57 | Create | Villager (Male) |
| 2:57 | Create | Villager (Male) |
| 2:57 | Create | Villager (Male) |
| 3:55 | Create | Villager (Male) |
| 3:55 | Create | Villager (Male) |
| 4:13 | Create | Villager (Male) |
| 4:53 | Create | Villager (Male) |
| 4:54 | Create | Villager (Male) |
| 5:26 | Create | Villager (Male) |
| 5:26 | Create | Villager (Male) |
| 5:44 | Create | Villager (Male) |
| 6:06 | Build | Lumber Camp |
| 6:32 | Create | Villager (Male) |
| 6:32 | Create | Villager (Male) |
| 7:01 | Create | Villager (Male) |
| 7:02 | Create | Villager (Male) |
| 7:48 | Create | Villager (Male) |
| 8:08 | Create | Villager (Male) |
| 8:08 | Create | Villager (Male) |
| 8:27 | Create | Villager (Male) |
| 8:27 | Create | Villager (Male) |
| 8:33 | Build | Mill |
| 8:36 | Create | Villager (Male) |
| 8:36 | Create | Villager (Male) |
| 9:10 | Create | Villager (Male) |
| 9:36 | Create | Villager (Male) |
| 9:37 | Create | Villager (Male) |
| 10:18 | Create | Villager (Male) |
| 10:18 | Create | Villager (Male) |
| 10:18 | Create | Villager (Male) |
| 11:23 | Create | Villager (Male) |
| 12:03 | Research | Feudal Age |
| 12:03 | Research | Feudal Age |
| 12:04 | Research | Loom |
| 12:06 | Create | Villager (Male) |
| 12:09 | Research | Feudal Age |
| 12:36 | Build | Barracks |
| 14:37 | Create | Villager (Male) |
| 14:39 | Create | Villager (Male) |
| 14:41 | Age | Feudal Age |
| 14:57 | Build | Stable |
| 15:15 | Research | Double-Bit Axe |
| 16:01 | Build | Blacksmith |
| 16:30 | Research | Castle Age |
| 16:36 | Build | Farm |
| 16:36 | Build | Farm |
| 16:37 | Build | Farm |
| 16:53 | Build | Archery Range |
| 16:55 | Build | Archery Range |
| 18:14 | Research | Bloodlines |
| 18:15 | Research | Fletching |
| 18:59 | Research | Padded Archer Armor |
| 19:10 | Age | Castle Age |
| 19:13 | Build | Town Center |
| 19:17 | Create | Cavalry Archer |
| 19:17 | Create | Cavalry Archer |
| 19:17 | Create | Cavalry Archer |
| 19:18 | Create | Cavalry Archer |
| 19:27 | Create | Villager (Male) |
| 19:28 | Create | Villager (Male) |
| 19:45 | Create | Villager (Male) |
| 19:45 | Create | Villager (Male) |
| 19:50 | Create | Cavalry Archer |
| 19:50 | Create | Cavalry Archer |
| 20:16 | Create | Villager (Male) |
| 20:16 | Create | Villager (Male) |
| 20:30 | Create | Villager (Male) |
| 20:39 | Build | Farm |
| 20:40 | Build | Farm |
| 20:44 | Build | Farm |
| 20:52 | Build | Farm |
| 20:54 | Create | Villager (Male) |
| 20:54 | Create | Villager (Male) |
| 21:12 | Create | Cavalry Archer |
| 21:12 | Create | Cavalry Archer |
| 21:40 | Create | Cavalry Archer |
| 21:40 | Create | Cavalry Archer |
| 21:41 | Create | Cavalry Archer |
| 21:41 | Create | Cavalry Archer |
| 22:08 | Create | Villager (Male) |
| 22:08 | Create | Villager (Male) |
| 22:10 | Create | Villager (Male) |
| 22:11 | Create | Villager (Male) |
| 22:11 | Create | Villager (Male) |
| 22:26 | Create | Cavalry Archer |
| 22:26 | Create | Cavalry Archer |
| 22:27 | Create | Cavalry Archer |
| 22:27 | Create | Cavalry Archer |
| 22:27 | Create | Cavalry Archer |
| 22:28 | Create | Cavalry Archer |
| 22:28 | Create | Cavalry Archer |
| 22:49 | Create | Villager (Male) |
| 22:49 | Create | Villager (Male) |
| 22:50 | Create | Villager (Male) |
| 22:50 | Create | Villager (Male) |
| 22:57 | Create | Cavalry Archer |
| 23:13 | Create | Cavalry Archer |
| 23:13 | Create | Cavalry Archer |
| 23:47 | Create | Cavalry Archer |
| 23:47 | Create | Cavalry Archer |
| 23:47 | Create | Cavalry Archer |
| 23:48 | Create | Cavalry Archer |
| 23:54 | Build | University |
| 23:58 | Create | Villager (Male) |
| 23:58 | Create | Villager (Male) |
| 23:58 | Create | Villager (Male) |
| 24:02 | Build | Farm |
| 24:06 | Create | Villager (Male) |
| 24:06 | Create | Villager (Male) |
| 24:30 | Create | Villager (Male) |
| 24:30 | Create | Villager (Male) |
| 24:30 | Create | Villager (Male) |
| 24:31 | Create | Villager (Male) |
| 24:51 | Build | Market |
| 24:58 | Create | Villager (Male) |
| 24:58 | Create | Villager (Male) |
| 24:59 | Create | Villager (Male) |
| 25:18 | Research | Ballistics |
| 25:41 | Create | Cavalry Archer ×2 |
| 26:29 | Build | Siege Workshop |
| 26:35 | Create | Cavalry Archer ×3 |
| 26:35 | Create | Cavalry Archer ×3 |
| 27:09 | Build | Mining Camp |
| 27:20 | Create | Battering Ram |
| 27:42 | Create | Battering Ram |
| 27:47 | Create | Cavalry Archer |
| 27:48 | Create | Cavalry Archer |
| 27:49 | Create | Villager (Male) |
| 27:50 | Create | Villager (Male) |
| 27:50 | Create | Villager (Male) |
| 27:50 | Create | Villager (Male) |
| 28:21 | Create | Villager (Male) |
| 28:21 | Create | Villager (Male) |
| 28:21 | Create | Villager (Male) |
| 28:22 | Create | Villager (Male) |
| 28:22 | Create | Villager (Male) |
| 28:22 | Create | Villager (Male) |
| 28:22 | Create | Villager (Male) |
| 28:32 | Create | Battering Ram |
| 29:02 | Create | Battering Ram |
| 29:03 | Create | Mangonel |
| 29:15 | Create | Cavalry Archer ×2 |
| 29:15 | Create | Cavalry Archer ×2 |
| 31:08 | Create | Mangonel |
| 31:24 | Create | Cavalry Archer ×5 |
| 31:24 | Create | Cavalry Archer ×5 |
| 31:25 | Create | Cavalry Archer ×5 |
| 31:25 | Create | Cavalry Archer ×2 |
Build order — DuckySkydiver69
First 150 of 354 actions detected
| 0:30 | Build | Town Center |
| 0:44 | Build | Mill |
| 0:50 | Build | House |
| 0:53 | Build | House |
| 2:41 | Create | Villager (Male) |
| 2:42 | Create | Villager (Male) |
| 2:42 | Create | Villager (Male) |
| 3:13 | Create | Villager (Male) ×3 |
| 4:26 | Create | Villager (Male) |
| 5:23 | Create | Villager (Male) |
| 5:48 | Build | Mill |
| 5:58 | Create | Villager (Male) |
| 5:58 | Create | Villager (Male) |
| 6:09 | Create | Villager (Male) |
| 6:42 | Build | House |
| 6:58 | Create | Villager (Male) |
| 6:58 | Create | Villager (Male) |
| 7:36 | Build | Mill |
| 7:39 | Create | Villager (Male) |
| 8:10 | Create | Villager (Male) |
| 8:13 | Build | Farm |
| 8:13 | Build | Farm |
| 8:22 | Build | House |
| 8:44 | Create | Villager (Male) |
| 8:44 | Create | Villager (Male) |
| 8:54 | Build | Farm |
| 9:10 | Build | Farm |
| 9:33 | Create | Villager (Male) |
| 9:34 | Create | Villager (Male) |
| 9:39 | Build | Farm |
| 10:05 | Build | Farm |
| 10:44 | Create | Villager (Male) |
| 11:03 | Build | Mining Camp |
| 11:07 | Create | Villager (Male) |
| 11:31 | Build | House |
| 11:36 | Research | Feudal Age |
| 12:42 | Build | Barracks |
| 13:26 | Build | House |
| 13:43 | Create | Villager (Male) |
| 13:44 | Create | Villager (Male) |
| 13:50 | Build | Stable |
| 14:30 | Create | Villager (Male) |
| 14:48 | Build | Blacksmith |
| 15:05 | Create | Villager (Male) |
| 15:25 | Research | Castle Age |
| 15:33 | Build | Farm |
| 15:34 | Build | Farm |
| 15:40 | Research | Horse Collar |
| 16:02 | Build | Lumber Camp |
| 16:38 | Research | Scale Barding Armor |
| 17:09 | Create | Villager (Male) |
| 18:20 | Build | Town Center |
| 18:23 | Build | Monastery |
| 18:25 | Create | Knight |
| 18:25 | Create | Knight |
| 18:38 | Research | Loom |
| 19:14 | Create | Villager (Male) |
| 19:16 | Create | Knight |
| 19:26 | Create | Monk |
| 19:42 | Create | Villager (Male) |
| 19:49 | Build | Town Center |
| 19:58 | Create | Villager (Male) |
| 19:58 | Create | Villager (Male) |
| 20:04 | Build | Farm |
| 20:04 | Build | Farm |
| 20:04 | Build | Farm |
| 20:29 | Create | Villager (Male) |
| 20:29 | Create | Villager (Male) |
| 20:43 | Create | Knight |
| 21:06 | Create | Villager (Male) |
| 21:06 | Create | Villager (Male) |
| 21:16 | Build | House |
| 21:18 | Research | Forging |
| 21:31 | Create | Villager (Male) |
| 21:31 | Create | Villager (Male) |
| 21:31 | Create | Villager (Male) |
| 21:33 | Create | Knight |
| 21:46 | Create | Villager (Male) |
| 21:46 | Create | Villager (Male) |
| 21:46 | Create | Villager (Male) |
| 21:50 | Build | Farm |
| 21:51 | Build | Farm |
| 21:51 | Build | Farm |
| 21:51 | Build | Farm |
| 21:51 | Build | Farm |
| 21:52 | Build | Farm |
| 21:52 | Build | Farm |
| 22:06 | Create | Villager (Male) |
| 22:06 | Create | Villager (Male) |
| 22:06 | Create | Villager (Male) |
| 22:31 | Create | Villager (Male) |
| 22:31 | Create | Villager (Male) |
| 22:31 | Create | Villager (Male) |
| 22:39 | Build | Farm |
| 22:39 | Build | Farm |
| 22:40 | Build | Farm |
| 22:40 | Build | Farm |
| 22:40 | Build | Farm |
| 22:41 | Build | Farm |
| 22:50 | Create | Knight |
| 22:50 | Create | Knight |
| 22:56 | Build | House |
| 22:57 | Build | House |
| 22:57 | Build | House |
| 22:57 | Build | House |
| 22:58 | Build | House |
| 22:58 | Build | House |
| 23:17 | Create | Villager (Male) |
| 23:17 | Create | Villager (Male) |
| 23:17 | Create | Villager (Male) |
| 23:34 | Create | Villager (Male) |
| 23:34 | Create | Villager (Male) |
| 23:34 | Create | Villager (Male) |
| 23:34 | Create | Villager (Male) |
| 23:34 | Create | Villager (Male) |
| 23:34 | Create | Villager (Male) |
| 23:58 | Create | Villager (Male) |
| 23:58 | Create | Villager (Male) |
| 23:58 | Create | Villager (Male) |
| 24:20 | Create | Villager (Male) |
| 24:20 | Create | Villager (Male) |
| 24:20 | Create | Villager (Male) |
| 24:36 | Create | Villager (Male) |
| 24:36 | Create | Villager (Male) |
| 24:36 | Create | Villager (Male) |
| 24:47 | Build | Market |
| 24:52 | Build | House |
| 24:53 | Build | House |
| 24:53 | Build | House |
| 24:59 | Build | Mining Camp |
| 25:01 | Create | Villager (Male) |
| 25:01 | Create | Villager (Male) |
| 25:01 | Create | Villager (Male) |
| 25:13 | Create | Villager (Male) |
| 25:13 | Create | Villager (Male) |
| 25:13 | Create | Villager (Male) |
| 25:14 | Create | Villager (Male) |
| 25:14 | Create | Villager (Male) |
| 25:14 | Create | Villager (Male) |
| 25:25 | Create | Villager (Male) |
| 25:25 | Create | Villager (Male) |
| 25:25 | Create | Villager (Male) |
| 25:31 | Create | Villager (Male) |
| 25:31 | Create | Villager (Male) |
| 25:31 | Create | Villager (Male) |
| 25:50 | Build | Lumber Camp |
| 25:53 | Create | Villager (Male) |
| 25:53 | Create | Villager (Male) |
| 25:53 | Create | Villager (Male) |
| 26:02 | Create | Knight |
Match timeline
| 8:38 | Princess Donut · wall_segment Palisade Wall x1 |
| 8:39 | Princess Donut · wall_segment Palisade Wall x1 |
| 8:40 | Princess Donut · wall_segment Palisade Wall x1 |
| 8:40 | Princess Donut · wall_segment Palisade Wall x1 |
| 8:41 | Princess Donut · wall_segment Palisade Wall x1 |
| 8:41 | Princess Donut · wall_segment Palisade Wall x1 |
| 8:42 | Princess Donut · wall_segment Palisade Wall x1 |
| 8:42 | MASACRE · wall_segment Palisade Wall x8 |
| 8:42 | Princess Donut · wall_segment Palisade Wall x1 |
| 8:43 | Princess Donut · wall_segment Palisade Wall x1 |
| 8:43 | Princess Donut · wall_segment Palisade Wall x1 |
| 8:44 | Princess Donut · wall_segment Palisade Wall x1 |
| 8:44 | MASACRE · wall_segment Palisade Wall x1 |
| 9:07 | PorT_Lobo · wall_segment Palisade Wall x9 |
| 10:11 | Princess Donut · wall_segment Palisade Wall x1 |
| 10:11 | Princess Donut · wall_segment Palisade Wall x1 |
| 10:12 | MASACRE · wall_segment Palisade Wall x8 |
| 10:12 | Princess Donut · wall_segment Palisade Wall x1 |
| 10:17 | Princess Donut · wall_segment Palisade Wall x11 |
| 10:47 | PorT_Lobo · wall_segment Palisade Wall x1 |
| 11:03 | PorT_Lobo · wall_segment Palisade Wall x2 |
| 11:21 | MASACRE · wall_segment Palisade Wall x7 |
| 11:27 | MASACRE · wall_segment Palisade Wall x10 |
| 11:29 | PorT_Lobo · wall_segment Palisade Wall x1 |
| 12:36 | PorT_steves · first_building Barracks |
| 12:42 | DuckySkydiver69 · first_building Barracks |
| 13:09 | Princess Donut · age_up feudal |
| 13:31 | Princess Donut · wall_segment Palisade Wall x1 |
| 13:40 | PorT_Lithium · age_up feudal |
| 13:41 | Princess Donut · wall_segment Stone Wall x1 |
| 13:43 | Princess Donut · wall_segment Stone Wall x1 |
| 13:50 | DuckySkydiver69 · first_building Stable |
| 13:53 | PorT_Lithium · first_building Stable |
| 13:59 | MASACRE · wall_segment Palisade Wall x2 |
| 14:04 | MASACRE · wall_segment Palisade Wall x10 |
| 14:04 | Princess Donut · wall_segment Stone Wall x1 |
| 14:04 | Princess Donut · wall_segment Stone Wall x1 |
| 14:05 | Princess Donut · wall_segment Stone Wall x1 |
| 14:06 | Princess Donut · wall_segment Stone Wall x1 |
| 14:06 | Princess Donut · wall_segment Stone Wall x1 |
| 14:07 | Princess Donut · wall_segment Stone Wall x1 |
| 14:07 | Princess Donut · wall_segment Stone Wall x1 |
| 14:08 | Princess Donut · wall_segment Stone Wall x1 |
| 14:08 | Princess Donut · wall_segment Stone Wall x1 |
| 14:22 | PorT_Oligarva · age_up feudal |
| 14:32 | PorT_Lobo · age_up feudal |
| 14:41 | PorT_steves · age_up feudal |
| 14:52 | Princess Donut · wall_segment Stone Wall x9 |
| 14:55 | Sebas333331 · age_up feudal |
| 14:57 | PorT_steves · first_building Stable |
| 15:23 | Sebas333331 · wall_segment Stone Wall x1 |
| 15:24 | Princess Donut · first_building Barracks |
| 15:24 | Sebas333331 · wall_segment Stone Wall x1 |
| 15:25 | Sebas333331 · wall_segment Stone Wall x1 |
| 15:31 | MASACRE · age_up feudal |
| 15:31 | MASACRE · wall_segment Palisade Wall x1 |
| 15:33 | PorT_Lobo · wall_segment Stone Wall x2 |
| 15:50 | MASACRE · wall_segment Palisade Wall x1 |
| 15:55 | Princess Donut · wall_segment Stone Wall x5 |
| 16:14 | Princess Donut · wall_segment Stone Wall x1 |
| 16:15 | Princess Donut · wall_segment Stone Wall x1 |
| 16:15 | Princess Donut · wall_segment Stone Wall x1 |
| 16:16 | Princess Donut · wall_segment Stone Wall x1 |
| 16:16 | Sebas333331 · wall_segment Palisade Wall x1 |
| 16:17 | Sebas333331 · wall_segment Palisade Wall x1 |
| 16:18 | Sebas333331 · wall_segment Palisade Wall x1 |
| 16:31 | PorT_Lobo · wall_segment Stone Wall x2 |
| 16:36 | Sebas333331 · wall_segment Palisade Wall x4 |
| 16:38 | Sebas333331 · wall_segment Palisade Wall x5 |
| 16:53 | PorT_Lobo · first_market_sell 100 stone |
| 16:53 | PorT_steves · first_building Archery Range |
| 16:59 | PorT_Lobo · first_market_buy 100 food |
| 17:08 | Princess Donut · wall_segment Stone Wall x1 |
| 17:08 | Princess Donut · age_up castle |
| 17:08 | Princess Donut · wall_segment Stone Wall x1 |
| 17:10 | PorT_Oligarva · first_building Barracks |
| 17:13 | MASACRE · wall_segment Palisade Wall x1 |
| 18:08 | PorT_Oligarva · age_up castle |
| 18:16 | PorT_Oligarva · first_building Stable |
| 18:20 | Princess Donut · first_building Stable |
| 18:23 | DuckySkydiver69 · first_building Monastery |
| 18:35 | Princess Donut · wall_segment Stone Wall x1 |
| 19:10 | PorT_steves · age_up castle |
| 19:14 | PorT_Oligarva · first_market_sell 100 food |
| 19:25 | Sebas333331 · wall_segment Palisade Wall x1 |
| 19:27 | Sebas333331 · wall_segment Palisade Wall x1 |
| 19:29 | Princess Donut · first_market_sell 100 food |
| 19:30 | Princess Donut · first_market_buy 100 wood |
| 19:42 | Sebas333331 · wall_segment Palisade Wall x1 |
| 20:39 | PorT_Lobo · age_up castle |
| 21:04 | Sebas333331 · wall_segment Stone Wall x1 |
| 21:07 | PorT_Lobo · first_building Castle |
| 21:28 | Sebas333331 · wall_segment Stone Wall x1 |
| 21:29 | Sebas333331 · wall_segment Stone Wall x1 |
| 21:30 | Sebas333331 · wall_segment Stone Wall x1 |
| 21:31 | Sebas333331 · wall_segment Stone Wall x1 |
| 22:26 | Sebas333331 · wall_segment Stone Wall x1 |
| 22:28 | Sebas333331 · wall_segment Stone Wall x2 |
| 22:29 | Sebas333331 · wall_segment Stone Wall x1 |
| 22:30 | Sebas333331 · wall_segment Stone Wall x1 |
| 23:13 | MASACRE · age_up castle |
| 23:42 | PorT_Lobo · first_building Siege Workshop |
| 24:52 | Sebas333331 · wall_segment Stone Wall x1 |
| 24:54 | Sebas333331 · wall_segment Stone Wall x1 |
| 24:54 | Sebas333331 · wall_segment Stone Wall x1 |
| 24:56 | Sebas333331 · wall_segment Stone Wall x1 |
| 25:29 | DuckySkydiver69 · first_market_buy 100 food |
| 25:36 | MASACRE · first_market_buy 100 stone |
| 25:43 | MASACRE · first_building Castle |
| 26:29 | PorT_steves · first_building Siege Workshop |
| 27:31 | MASACRE · first_market_sell 100 wood |
| 27:35 | PorT_Lithium · first_market_buy 100 food |
| 28:18 | PorT_Oligarva · first_market_buy 100 food |
| 28:55 | MASACRE · first_building Siege Workshop |
| 30:10 | PorT_Lobo · first_building Monastery |
| 30:22 | PorT_Lithium · age_up castle |
| 31:07 | DuckySkydiver69 · first_building Castle |
| 32:21 | PorT_Lobo · wall_segment Stone Wall x11 |
| 34:42 | Princess Donut · first_building Monastery |
| 36:49 | DuckySkydiver69 · first_market_sell 100 food |
| 37:32 | Princess Donut · tribute_sent a jugador 1 |
| 37:32 | Princess Donut · tribute_sent a jugador 2 |
| 37:32 | Princess Donut · tribute_sent a jugador 4 |
| 37:32 | Princess Donut · tribute_sent a jugador 5 |
| 37:32 | Princess Donut · tribute_sent a jugador 6 |
| 37:32 | Princess Donut · tribute_sent a jugador 7 |
| 37:32 | Princess Donut · tribute_sent a jugador 8 |
| 38:33 | PorT_Oligarva · first_building Castle |
| 38:38 | Princess Donut · age_up imperial |
| 39:08 | PorT_Lithium · tribute_sent a jugador 1 |
| 39:08 | PorT_Lithium · tribute_sent a jugador 3 |
| 39:08 | PorT_Lithium · tribute_sent a jugador 4 |
| 39:08 | PorT_Lithium · tribute_sent a jugador 5 |
| 39:08 | PorT_Lithium · tribute_sent a jugador 6 |
| 39:08 | PorT_Lithium · tribute_sent a jugador 7 |
| 39:08 | PorT_Lithium · tribute_sent a jugador 8 |
| 39:24 | Princess Donut · first_building Castle |
| 41:25 | PorT_steves · first_market_sell 100 food |
| 43:27 | PorT_Lithium · tribute_sent a jugador 1 |
| 43:27 | PorT_Lithium · tribute_sent a jugador 3 |
| 43:27 | PorT_Lithium · tribute_sent a jugador 4 |
| 43:27 | PorT_Lithium · tribute_sent a jugador 5 |
| 43:27 | PorT_Lithium · tribute_sent a jugador 6 |
| 43:27 | PorT_Lithium · tribute_sent a jugador 7 |
| 43:27 | PorT_Lithium · tribute_sent a jugador 8 |
| 44:16 | PorT_Oligarva · resign |
[ AI ANALYSIS · 1 CREDIT ]
What really happened in this match?
Wolo.gg analyzes every decision: build order, eco, micro, common mistakes by bracket. Personalized analysis on WhatsApp or Discord in 30 seconds.
Civ guide
Franks
Map guide
African Clearing
Perfil
Jugador #116362